 Dungeon Crawl Stone Soup version 0.17-a0-2098-gf59d6bc (webtiles) character file.

25 septik the Magician (level 2, -3/19 HPs)
             Began as a Mummy Wizard on Oct 17, 2015.
             Slain by an adder (4 damage)
             ... on level 2 of the Dungeon.
             The game lasted 00:06:06 (1514 turns).

septik the Magician (Mummy Wizard)                  Turns: 1514, Time: 00:06:06

Health: -3/19      AC:  2    Str: 10    XL:     2   Next: 86%
Magic:  1/6        EV: 12    Int: 17    God:
Gold:   77         SH:  0    Dex: 10    Spells: 2 memorised, 5 levels left

rFire  x . .     SeeInvis .     g - -1 dagger
rCold  + . .     Clarity  .     a - +0 robe
rNeg   + + +     SustAt   .     (no shield)
rPois  ∞         Gourm    .     b - +0 hat
rElec  .         Spirit   .     (no cloak)
rCorr  .         Warding  .     (no gloves)
rMut   .         Stasis   .     (no boots)
MR     .....                    (no amulet)
Stlth  ++........               (no ring)
                                (no ring)

@: very slightly contaminated, not resistant to hostile enchantments, unstealthy
A: no food or potions, fire vulnerability, cold resistance 1, negative energy
resistance 3, torment resistance, unbreathing
a: no special abilities


You were on level 2 of the Dungeon.
You were not hungry.

You visited 1 branch of the dungeon, and saw 2 of its levels.

You collected 77 gold pieces.

Inventory:

Hand Weapons
 e - a +0 short sword
 g - a -1 dagger (weapon)
Missiles
 f - 6 tomahawks (quivered)
 k - 3 stones
Armour
 a - a +0 robe (worn)
 b - a +0 hat (worn)
Wands
 j - a wand of magic darts (31)
Scrolls
 d - a scroll of identify
 i - a scroll of recharging {unknown}
Books
 c - a book of Minor Magic

   Spells                             Type                      Level
   a - Magic Dart                     Conjuration                  1
   b - Blink                          Translocation                2
   c - Call Imp                       Summoning                    2
   d - Repel Missiles                 Charms/Air                   2
   e - Slow                           Hexes                        2
   f - Conjure Flame                  Conjuration/Fire             3
   g - Mephitic Cloud                 Conjuration/Poison/Air       3


   Skills:
 - Level 1.5 Dodging
 - Level 1.5 Stealth
 - Level 3.5 Spellcasting
 - Level 0.7 Conjurations
 + Level 1.5 Summonings
   Level 0.7 Translocations


You had 5 spell levels left.
You knew the following spells:

 Your Spells              Type           Power        Failure   Level  Hunger
a - Magic Dart            Conj           #...         14%         1    N/A
b - Call Imp              Summ           #.......     17%         2    N/A

Dungeon Overview and Level Annotations

Branches:
Dungeon (2/15)

Altars:


Innate Abilities, Weirdness & Mutations

You do not eat or drink.
Your flesh is vulnerable to fire.
You are immune to poison.
Your flesh is cold resistant.
You are immune to negative energy.
You are immune to unholy pain and torment.
You can survive without breathing.


Message History

The adder bites you.
* * * LOW HITPOINT WARNING * * *
The adder misses you. The adder bites you but does no damage.
Casting: Magic Dart
Confirm with . or Enter, or press ? or * to list all spells.
You miscast Call Imp.
You are very lightly contaminated with residual magic.
Strange energies run through your body. The adder bites you.
* * * LOW HITPOINT WARNING * * *
The adder barely misses you.
Read which item? (? for menu, Esc to quit)
As you read the scroll labeled JEGEHO TAJYF, it crumbles to dust.
It is a scroll of enchant weapon.
Enchant which weapon? (? for menu, Esc to quit)
Your cursed -2 dagger glows red for a moment.
The adder bites you.
* * * LOW HITPOINT WARNING * * *
The adder bites you.
You die...

#.....#.###....%....#
#...........#######.#
#.....#.##### #####.######
#.....#.# #..........#
#.#.###)# #.###.####.#
#.#.###.# #.# #.# .#
##.#.....# #.# #.####.#
.........# ###.###.%....#
##.###...#####.S@.........#
#.............#.######..^#
#..##...#######.# #)..#
#.%###.## #.# #...#
#......# #.######...#
##.##..# #..........#
..>..# ########..## ###.#
.........# #. #######.##


You could see an adder.

Vanquished Creatures
  A gnoll (D:1)
  A bat (D:1)
  2 giant cockroaches (D:1)
  4 hobgoblins
  A ball python (D:2)
  A giant newt (D:1)
  3 goblins (D:1)
  2 kobolds
  2 rats
17 creatures vanquished.

Vanquished Creatures (collateral kills)
  A goblin (D:1)
  A kobold (D:1)
2 creatures vanquished.

Grand Total: 19 creatures vanquished

Notes
Turn   | Place    | Note
--------------------------------------------------------------
     0 | D:1      | septik the Mummy Wizard began the quest for the Orb.
     0 | D:1      | Reached XP level 1. HP: 13/13 MP: 4/4
   702 | D:1      | Reached XP level 2. HP: 14/19 MP: 4/6
   706 | D:1      | Learned a level 2 spell: Call Imp
   989 | D:1      | Reached skill level 1 in Summonings
  1514 | D:2      | Slain by an adder

Vault maps used:
D:1:      eino_arrival_tree_alley
D:2:      gammafunk_temple_overflow_wave, gammafunk_temple_overflow_pools,
          first_bread

Action                   || total
-------------------------++-------
Melee: Dagger            ||    47
 Cast: Magic Dart        ||    45
       Call Imp          ||     4
  Use: Scroll            ||     2
